 Dungeon Crawl Stone Soup version 0.27.1-34-g3ba077fa99 (webtiles) character file.

Game seed: 13843067827740881726

105316 Ijustatesigmund the Fighter (level 16, -11/160 HPs)
             Began as a Gargoyle Fighter on Jan 28, 2022.
             Was the Champion of Cheibriados.
             Killed from afar by Azrael (44 damage)
             ... with a fireball
             ... on level 2 of the Orcish Mines on Jan 29, 2022.
             The game lasted 01:07:25 (31743 turns).

Ijustatesigmund the Fighter (Gargoyle Fighter)     Turns: 31743, Time: 01:07:26

Health: -11/160    AC: 39    Str: 37    XL:     16   Next: 41%
Magic:  25/25      EV:  2    Int: 29    God:    Cheibriados [******]
Gold:   2154       SH: 20    Dex: 30    Spells: 15/15 levels left

rFire    . . .     SeeInvis .   a - +4 flail (protect)
rCold    . . .     Faith    .   c - +0 kite shield {reflect}
rNeg     + + +     Spirit   .   (armour currently unavailable)
rPois    ∞         Reflect  +   (helmet currently unavailable)
rElec    +         Harm     .   (cloak currently unavailable)
rCorr    .         Rampage  .   (gloves currently unavailable)
Will     +....     NoTele   +   (boots currently unavailable)
Stlth    ++........             O - amulet "Mod Wiur" {Reflect +Inv rElec rPois SH+5}
HPRegen  0.36/turn              o - +6 ring of dexterity
MPRegen  0.19/turn              M - +4 ring of protection

@: tree-form, under a protective aura, studying Unarmed Combat, very slow
A: stationary, stasis, torment immunity, boosted hp, sickness immunity, AC +12,
(big wings), negative energy resistance 1, (electricity resistance), torment
resistance 1, petrification resistance
a: Renounce Religion, Evoke Invisibility, Bend Time, Temporal Distortion,
Slouch, Step From Time


You were on level 2 of the Orcish Mines.
You worshipped Cheibriados.
Cheibriados was exalted by your worship.
You were a tree.
You visited 4 branches of the dungeon, and saw 24 of its levels.
You visited the Abyss 1 time.
You also visited: Sewer and Ice Cave.

You collected 2754 gold pieces.
You spent 600 gold pieces at shops.

Inventory:

Hand Weapons
 a - a +4 flail of protection (weapon)
 q - a +1 morningstar of protection
Missiles
 i - 2 throwing nets (quivered)
Armour
 b - a +4 plate armour of cold resistance (melded)
 c - a +0 kite shield of reflection (worn)
 f - the +2 pair of gloves "Dalutici" {rF+++ Str+4 SInv}
   (You found it on level 5 of the Dungeon)

   Str:       It affects your strength (+4).
   rF:        It renders you almost immune to fire.
   SInv:      It lets you see invisible.
 v - a +1 cloak (melded)
 x - a +1 pair of boots (melded)
 z - a +1 helmet of see invisible (melded)
 J - a +1 pair of gloves (melded)
Jewellery
 k - a ring of protection from cold
 m - a ring of willpower
 o - a +6 ring of dexterity (left branch)
 p - a ring of positive energy
 A - a +6 ring of intelligence
 I - an amulet of guardian spirit
 K - a ring of ice
 M - a +4 ring of protection (right branch)
 O - the amulet "Mod Wiur" (around neck) {Reflect +Inv rElec rPois SH+5}
   (You found it on level 4 of the Lair of Beasts)

   [amulet of reflection]

   It reflects blocked missile attacks.
   rElec:     It insulates you from electricity.
   rPois:     It protects you from poison.
   +Inv:      It lets you turn invisible.
   SH:        It affects your SH (+5).
Wands
 e - a wand of digging (4)
 w - a wand of polymorph (19)
 D - a wand of iceblast (4)
 E - a wand of flame (9)
 H - a wand of paralysis (15)
Scrolls
 j - 2 scrolls of teleportation
 s - a scroll of fear
 y - 4 scrolls of fog
 B - a scroll of immolation
 C - a scroll of magic mapping
 F - 9 scrolls of identify
 L - a scroll of summoning
Potions
 d - 7 potions of curing
 g - 5 potions of brilliance
 h - 2 potions of resistance
 l - 3 potions of mutation
 n - 5 potions of lignification
 r - 2 potions of attraction
 t - 4 potions of ambrosia
 u - a potion of invisibility
 G - a potion of heal wounds


   Skills:
 + Level 14.4 Fighting
 + Level 13.7 Maces & Flails
 - Level 5.1 Throwing
 - Level 14.2 Armour
 - Level 5.1 Dodging
 - Level 9.9 Shields
 + Level 13.2 Invocations
 - Level 5.0 Evocations


You had 15 spell levels left.
You didn't know any spells.
Your spell library contained the following spells:

 Spells                   Type           Power      Damage    Failure   Level
 Foxfire                  Conj/Fire      0%         2x1d4     21%         1
 Magic Dart               Conj           0%         1d3       21%         1
 Pain                     Necr           0%         1d4       21%         1
 Call Imp                 Summ           0%         N/A       30%         2
 Corpse Rot               Necr/Air       N/A        N/A       30%         2
 Ensorcelled Hibernation  Hex/Ice        0%         N/A       30%         2
 Poisonous Vapours        Pois/Air       0%         N/A       30%         2
 Conjure Flame            Conj/Fire      0%         6-21      52%         3
 Inner Flame              Hex/Fire       0%         N/A       52%         3
 Mephitic Cloud           Conj/Pois/Air  0%         N/A       52%         3
 Spider Form              Tmut/Pois      0%         N/A       52%         3
 Tukima's Dance           Hex            0%         N/A       52%         3
 Animate Armour           Summ/Erth      0%         N/A       89%         4
 Cause Fear               Hex            0%         N/A       89%         4
 Passage of Golubria      Tloc           N/A        N/A       89%         4
 Agony                    Necr           0%         N/A       99%         5
 Blade Hands              Tmut           0%         N/A       99%         5
 Excruciating Wounds      Necr           0%         N/A       99%         5
 Freezing Cloud           Conj/Ice/Air   0%         6-21      99%         5
 Yara's Violent Unravell  Hex/Tmut       0%         3d3       99%         5
 Dispersal                Tloc           0%         N/A       100%        6
 Iron Shot                Conj/Erth      0%         9d1       100%        6
 Shadow Creatures         Summ           N/A        N/A       100%        6
 Dragon Form              Tmut           0%         N/A       100%        7
 Disjunction              Tloc           0%         N/A       100%        8
 Dragon's Call            Summ           0%         N/A       100%        9


Dungeon Overview and Level Annotations

Branches:
Dungeon (15/15)            Temple (1/1) D:4            Lair (6/6) D:10
  Swamp (0/4) Lair:3        Snake (0/4) Lair:3        Slime (0/5) Lair:5
    Orc (2/2) D:9             Elf (0/3) Orc:2        Vaults (0/5) D:14
  Sewer (visited)           IceCv (visited)
 Depths: D:15

Altars:
Ashenzari
Cheibriados
Dithmenos
Elyvilon
Fedhas
Gozag
Hepliaklqana
Kikubaaqudgha
Makhleb
Nemelex Xobeh
Okawaru
Qazlal
Ru
Sif Muna
Trog
Uskayaw
Vehumet
Wu Jian
Xom
Yredelemnul
Zin
The Shining One
Beogh

Shops:
D:8 *   D:11 (([[!   D:14 !

Annotations:
D:5 2 transporters, miilacz's ghost, novice DsGl
D:7 2 transporters
D:8 3 runed translucent doors, mpzz's ghost, novice BaIE
Lair:5 3 runed translucent doors, Jeban's ghost, journeyman OpFi
Orc:2 Azrael


Innate Abilities, Weirdness & Mutations

You are a tree.
Your roots penetrate the ground, keeping you stationary.
You cannot be teleported.
You are immune to unholy pain and torment.
Your maximum health is greatly increased.
Your equipment is partially melded.
You are immune to sickness and miasma.
((Your stone body is resilient. (AC +12)))
You are immune to poison.
((Your large and strong wings let you fly.))
You resist negative energy. (rN+)
((You are resistant to electric shocks. (rElec)))
You are resistant to unholy torment.
You are immune to petrification.


Message History

You hear a shout!
Azrael barely misses you.
You hit Azrael but do no damage.
Azrael is lightly wounded.
You block Azrael's attack.
You hit Azrael but do no damage.
Azrael is lightly wounded.
Azrael gestures at you.
The sphere of damnation explodes!
The damnation engulfs you!!
* * * LOW HITPOINT WARNING * * *
The damnation engulfs Azrael.
Azrael completely resists.
You hear a shout! x2
You hit Azrael.
Azrael is lightly wounded.
Azrael hits you with a +3 scimitar of flaming!
* * * LOW HITPOINT WARNING * * *
Azrael burns you.
* * * LOW HITPOINT WARNING * * *
You bludgeon Azrael!!
Azrael is heavily wounded.
You block Azrael's attack.
Really quaff the potion of lignification?
You turn into a tree.
Your +1 cloak melds into your body.
Your +1 helmet of see invisible melds into your body.
Your +1 pair of gloves melds into your body.
Your +1 pair of boots melds into your body.
Your +4 plate armour of cold resistance melds into your body.
You feel less perceptive.
You feel less resistant to cold.
Your roots penetrate the ground.
Azrael gestures at you.
Your +0 kite shield of reflection reflects the sticky flame!
The sticky flame hits Azrael but does no damage.
Azrael is covered in liquid flames!
You thump Azrael!
Azrael is heavily wounded.
You thump Azrael!
Azrael is severely wounded.
Azrael gestures at you.
The fireball explodes!
The fireball engulfs you!!!
You die...

...........###.##.#...# ## ..
....#####.##.......#...#.## ...
....# #####........#..#...##...
.....##.#.#...................#
..............................#
...............#......#....#.##
.....#####.....#..........##
#...8# #......R..........#
.....# #.....†♣.........#####
.....+ #....†.#..##....####.##
.)...# #.....##....##.####...#
#...8# #.....)#...)).##.###.##
#....#####..........)......##.##
.#.#.............).)....[......#
######.##..........)##).))[....#
# #####...............).[<##.##
###..##.........#)[...)[[#####


You could see Azrael (burning).

Vanquished Creatures
  Agnes (D:14)
  A tentacled starspawn (Abyss:2)
  Donald (Orc:2)
  Snorg (Lair:6)
  A dire elephant (Lair:6)
  An ettin (D:11)
  The ghost of Karpo the Unseen, a journeyman SpEn of Dithmenos (Lair:4)
  6 hydras
  3 boulder beetles
  2 rakshasas (Abyss:2)
  2 catoblepae
  Erica (Orc:1)
  3 ogre magi
  5 centaur warriors
  8 death yaks
  3 tengu warriors
  13 two-headed ogres
  Nergalle (D:10)
  A shadow wraith (Abyss:2)
  A fire crab (shapeshifter) (Abyss:2)
  A fire crab (Lair:3)
  A sixfirhy (Abyss:2)
  A shadow demon (Abyss:2)
  6 wizards
  4 deep elf pyromancers
  2 orc knights
  2 lindwurms (Lair:6)
  An orc sorcerer (Abyss:2)
  6 manticores
  An oklob plant (Lair:6)
  11 cyclopes
  4 ugly things
  Joseph (D:7)
  8 black mambas
  2 elephants (Lair:6)
  4 gargoyles
  An eye of devastation (Lair:5)
  An ice statue (IceCv)
  10 cane toads
  An unseen horror (D:11)
  A yaktaur (D:13)
  2 torpor snails (Lair:6)
  4 kobold demonologists
  Maggie (D:8)
  7 rime drakes
  9 komodo dragons
  2 ice devils (IceCv)
  2 polar bears (Lair:4)
  7 trolls
  An ancient zyme (Abyss:2)
  Prince Ribbit (D:6)
  3 slime creatures
  18 blink frogs
  A meliai zombie (D:11)
  3 dream sheep (Lair:6)
  2 centaur simulacra
  A spriggan (shapeshifter) (D:13)
  A vampire (D:10)
  3 shadows
  4 wraiths
  58 yaks
  2 wyverns
  3 fire bats (Abyss:2)
  2 steam dragons
  6 basilisks
  3 vampire mosquitoes (D:13)
  A swamp worm (Lair:3)
  2 wargs
  A large abomination (Abyss:2)
  4 nagas (Lair:3)
  3 hell hounds (Orc:2)
  3 acid dragons
  A floating eye (Lair:5)
  15 water moccasins
  A hornet zombie (D:7)
  22 orc warriors
  A black bear (Lair:2)
  An ice beast (D:7)
  A sky beast (D:5)
  14 wolves
  18 ogres
  12 centaurs
  3 phantoms
  4 kobold brigands
  5 bullfrogs
  A scorpion (D:6)
  2 two-headed ogre simulacra (IceCv)
  2 wyvern skeletons
  An elephant simulacrum (IceCv)
  5 killer bees (D:9)
  A small abomination (Abyss:2)
  4 howler monkeys
  4 wights (D:8)
  8 electric eels
  A crimson imp (Abyss:2)
  2 bullfrog zombies
  A jelly (D:6)
  12 orc priests
  2 centaur zombies
  3 gnoll shamans
  6 hounds
  An iron imp (Abyss:2)
  Natasha (thrice) (D:4)
  3 iguanas
  19 orc wizards
  A hell rat (Lair:3)
  2 troll simulacra (IceCv)
  Robin (D:2)
  21 gnolls
  8 adders
  7 river rats (Sewer)
  2 shadow imps
  2 white imps
  An adder zombie (D:5)
  4 worms
  2 dart slugs
  54 orcs
  5 bats
  11 endoplasms
  A giant cockroach (D:4)
  16 goblins
  12 hobgoblins
  8 jackals
  3 quokkas
  14 ball pythons
  29 kobolds
  22 rats
  2 bushes (Lair:6)
692 creatures vanquished.

Vanquished Creatures (others)
  A wizard (D:12)
  A quokka (D:8)
  15 fungi
  26 plants
  A starspawn tentacle (Abyss:2)
44 creatures vanquished.

Grand Total: 736 creatures vanquished

Notes
Turn   | Place    | Note
-------+----------+-------------------------------------------
     0 | D:1      | Ijustatesigmund the Gargoyle Fighter began the quest for
                  | the Orb.
     0 | D:1      | Reached XP level 1. HP: 14/14 MP: 1/1
   166 | D:1      | Reached XP level 2. HP: 16/19 MP: 2/2
  1201 | D:1      | Reached XP level 3. HP: 24/24 MP: 3/3
  1683 | D:2      | Reached XP level 4. HP: 22/29 MP: 4/4
  2124 | D:2      | Noticed Robin
  2136 | D:2      | Killed Robin
  2203 | D:2      | Reached XP level 5. HP: 19/34 MP: 5/5
  2672 | D:3      | Found a glowing drain.
  2694 | Sewer    | Entered a sewer
  3121 | Sewer    | Reached skill level 5 in Maces & Flails
  3409 | Sewer    | Noticed a kobold brigand
  3415 | Sewer    | Killed a kobold brigand
  3416 | Sewer    | Reached skill level 5 in Fighting
  3416 | Sewer    | Reached XP level 6. HP: 22/40 MP: 6/6
  4210 | D:3      | Found a faded altar of an unknown god.
  4604 | D:4      | Found a staircase to the Ecumenical Temple.
  4616 | Temple   | Entered the Ecumenical Temple
  4936 | Temple   | Became a worshipper of Cheibriados the Contemplative
  5034 | D:4      | Reached XP level 7. HP: 23/44 MP: 7/7
  5267 | D:4      | Noticed Natasha
  5305 | D:4      | Killed Natasha
  5352 | D:4      | Found a sparkling altar of Nemelex Xobeh.
  5389 | D:4      | Noticed Natasha
  5400 | D:4      | Killed Natasha
  5401 | D:4      | Reached skill level 1 in Invocations
  5916 | D:4      | Reached * piety under Cheibriados
  5957 | D:4      | Noticed Natasha
  5962 | D:4      | Killed Natasha
  6533 | D:5      | Entered Level 5 of the Dungeon
  6595 | D:5      | Noticed a steam dragon
  6611 | D:5      | Killed a steam dragon
  6840 | D:5      | Reached XP level 8. HP: 51/51 MP: 9/9
  6848 | D:5      | Found a transporter.
  6849 | D:5      | Found a transporter.
  6849 | D:5      | Noticed miilacz's ghost (novice DsGl)
  7436 | D:5      | Reached skill level 5 in Armour
  7965 | D:5      | Identified the +2 pair of gloves "Dalutici" {rF+++ Str+4
                  | SInv}
  8510 | D:6      | Reached XP level 9. HP: 30/57 MP: 8/12
  8748 | D:6      | Reached ** piety under Cheibriados
  9180 | D:6      | Found an ornate altar of the Wu Jian Council.
  9180 | D:6      | Noticed Prince Ribbit
  9181 | D:6      | Found a bloodstained altar of Trog.
  9181 | D:6      | You fall into a shaft and drop 2 floors!
  9192 | D:8      | Found a runed translucent gate.
  9192 | D:8      | Found a runed translucent gate.
  9192 | D:8      | Found a runed translucent gate.
  9192 | D:8      | Noticed a ten-headed hydra
  9192 | D:8      | Noticed mpzz's ghost (novice BaIE)
  9260 | D:8      | Reached skill level 5 in Invocations
  9398 | D:8      | Found a white marble altar of Elyvilon.
  9651 | D:7      | Reached skill level 10 in Fighting
  9651 | D:7      | Reached skill level 10 in Maces & Flails
  9651 | D:7      | Reached XP level 10. HP: 68/68 MP: 14/14
  9662 | D:7      | Reached skill level 1 in Dodging
  9699 | D:6      | Killed Prince Ribbit
  9978 | D:7      | Found a transporter.
  9996 | D:7      | Noticed Joseph
 10005 | D:7      | Killed Joseph
 10067 | D:7      | Reached *** piety under Cheibriados
 10311 | D:7      | Found an ancient bone altar of Kikubaaqudgha.
 10388 | D:7      | Found a transporter.
 10525 | D:8      | Noticed Maggie
 10548 | D:8      | Killed Maggie
 10606 | D:8      | Found Gozag's Platinum Reserve.
 10611 | D:8      | Found an opulent altar of Gozag.
 10729 | D:8      | Reached XP level 11. HP: 69/73 MP: 15/15
 10896 | D:8      | Found Lougg's Magic Scroll Emporium.
 11571 | D:9      | Found a staircase to the Orcish Mines.
 11641 | D:9      | Noticed a two-headed ogre
 11653 | D:9      | Killed a two-headed ogre
 12279 | D:9      | Reached **** piety under Cheibriados
 12485 | D:10     | Entered Level 10 of the Dungeon
 12958 | D:10     | Found a staircase to the Lair.
 13156 | D:10     | Found a hazy altar of Hepliaklqana.
 13264 | D:10     | Found a stormy altar of Qazlal.
 13493 | D:10     | Found a blossoming altar of Fedhas.
 13819 | D:11     | Reached ***** piety under Cheibriados
 13830 | D:11     | Noticed a manticore
 13843 | D:11     | Noticed an ogre mage
 13844 | D:11     | Killed a manticore
 13849 | D:11     | Noticed a centaur warrior
 13854 | D:11     | Killed a centaur warrior
 13866 | D:10     | Killed an ogre mage
 13867 | D:10     | Reached XP level 12. HP: 57/81 MP: 10/18
 14051 | D:11     | Noticed a centaur warrior
 14056 | D:11     | Killed a centaur warrior
 14231 | D:11     | Found a frozen archway.
 14246 | IceCv    | Entered an ice cave
 14833 | D:11     | Found Hetwos's Distillery.
 14841 | D:11     | Bought 2 potions of curing for 84 gold pieces
 14841 | D:11     | Bought a potion of curing for 42 gold pieces
 14872 | D:11     | Found Haumam's Antique Weapon Shoppe.
 14880 | D:11     | Bought a glowing flail for 175 gold pieces
 15063 | D:11     | Found Qiseinen's Antique Armour Emporium.
 15072 | D:11     | Bought a shiny helmet for 187 gold pieces
 15152 | D:11     | Noticed a two-headed ogre
 15160 | D:11     | Killed a two-headed ogre
 15348 | D:11     | Found Tooscholl's Weapon Shop.
 15423 | D:11     | Found Uxoiwo's Armour Emporium.
 15746 | D:12     | Noticed a boulder beetle
 15754 | D:12     | Noticed an ettin
 15754 | D:12     | a boulder beetle changed into an ettin
 16351 | D:11     | Reached XP level 13. HP: 60/87 MP: 20/20
 16464 | D:11     | Killed an ettin
 16465 | D:11     | Reached skill level 1 in Throwing
 16465 | D:11     | Reached skill level 1 in Evocations
 17037 | D:12     | Reached skill level 10 in Invocations
 18402 | D:14     | Found a broken altar of Ashenzari.
 18554 | D:14     | Noticed Agnes
 18571 | D:14     | Killed Agnes
 18693 | D:14     | Reached skill level 5 in Throwing
 18693 | D:14     | Reached skill level 5 in Evocations
 18809 | D:14     | Gained mutation: Your large and strong wings let you fly.
                  | [Gargoyle growth]
 18809 | D:14     | Reached XP level 14. HP: 79/92 MP: 22/22
 18909 | D:14     | Found a gate to the Vaults.
 18911 | D:14     | Cast into level 2 of the Abyss (a wizard)
 19270 | Abyss:2  | Noticed a tentacled starspawn
 19276 | Abyss:2  | Killed a tentacled starspawn
 19301 | D:14     | Escaped the Abyss
 19801 | D:14     | Found Jogud's Distillery.
 19810 | D:14     | Bought a potion of heal wounds for 70 gold pieces
 19810 | D:14     | Bought a potion of lignification for 42 gold pieces
 20007 | D:15     | Entered Level 15 of the Dungeon
 21008 | Lair:1   | Entered Level 1 of the Lair of Beasts
 21010 | Lair:1   | Noticed Nergalle
 21035 | D:10     | Killed Nergalle
 22845 | Lair:2   | Found a stormy altar of Qazlal.
 23332 | Lair:3   | Found a staircase to the Snake Pit.
 23509 | Lair:3   | Reached XP level 15. HP: 56/100 MP: 24/24
 24871 | Lair:3   | Found a staircase to the Swamp.
 25410 | Lair:4   | Reached ****** piety under Cheibriados
 25634 | Lair:4   | Reached skill level 5 in Dodging
 25638 | Lair:4   | Found a runed translucent door.
 25639 | Lair:4   | Identified the amulet "Mod Wiur" {Reflect +Inv rElec rPois
                  | SH+5}
 25989 | Lair:4   | Noticed Karpo's ghost (journeyman SpEn)
 26001 | Lair:4   | Killed Karpo's ghost
 26180 | Lair:5   | Found a runed translucent gate.
 26180 | Lair:5   | Found a runed translucent gate.
 26180 | Lair:5   | Found a runed translucent gate.
 26326 | Lair:5   | Paralysed by a floating eye for 4 turns
 26334 | Lair:5   | Paralysed by a floating eye for 4 turns
 26535 | Lair:5   | Found a staircase to the Slime Pits.
 26711 | Lair:5   | Noticed Jeban's ghost (journeyman OpFi)
 27059 | Lair:6   | Entered Level 6 of the Lair of Beasts
 27176 | Lair:6   | Reached skill level 10 in Armour
 28346 | Lair:6   | Noticed Snorg
 28360 | Lair:6   | Killed Snorg
 28647 | Lair:6   | Reached XP level 16. HP: 107/107 MP: 25/25
 29443 | Orc:1    | Entered Level 1 of the Orcish Mines
 29479 | Orc:1    | Noticed Erica
 29490 | Orc:1    | Killed Erica
 29841 | Orc:2    | Entered Level 2 of the Orcish Mines
 29841 | Orc:2    | Found a staircase to the Elven Halls.
 30843 | Orc:2    | Noticed Donald
 30877 | Orc:2    | Killed Donald
 31730 | Orc:2    | Noticed Azrael
 31743 | Orc:2    | Killed from afar by Azrael

Illustrated notes

Levels and vault maps discovered:
D:1:      nzn_arrival_water_spiral, layout_basic
D:2:      layout_basic, uniq_robin
D:3:      layout_rooms, dreamdust_ecumenical_altar_statues,
          cheibrodos_sewer_entry_drain
D:4:      layout_cave_pods, nemelex_dance_club_becter,
          minmay_temple_entry_ruins, nrook_campfire, uniq_natasha
D:5:      layout_loops_corners, gammafunk_ghost_arena, kennysheep_donut,
          abandoned_shop, st_stairs_9
D:6:      layout_cave_pools, gammafunk_temple_overflow_pools,
          uniq_prince_ribbit1
D:7:      gammafunk_cloud_chamber, layout_cave_pools,
          nicolae_overflow_crystal_walls, kennysheep_cross_room,
          corexii_item_surrounded_by_moat, kennysheep_generic_room_4,
          uniq_joseph
D:8:      layout_basic, elyvilon_altar_4, nicolae_gozag_zags_fifth_avenue,
          serial_shops, nicolae_lakefront_shop, gammafunk_ghost_hydra_chop,
          uniq_maggie
D:9:      layout_stronghold, orc_0_dummy
D:10:     layout_cave_pools, mainiacjoe_overflow_six_doors_small,
          fedhas_altar_4, amcnicky_altar_gilded, erik_lair_island, serial_ice,
          serial_ice_b, serial_ice_g, serial_ice_l, serial_ice_o
D:11:     cheibrodos_fzero, layout_layer_cave, serial_shops, shop_fountains,
          kennysheep_mini_moat, kennysheep_mini, shop, nicolae_square_shop,
          portal_ice_cave_rime
D:12:     minmay_wizard_corner, layout_rooms
D:13:     layout_irregular_city
D:14:     layout_loops_ring, david_vaults_1, ashenzari_conservatory_becter,
          serial_shops, nicolae_shop_waterfront, uniq_agnes
D:15:     grunt_enter_depths_snipers, layout_rooms, amcnicky_mini_pool_small,
          minivault_22, st_stairs_5
Temple:   oiseaux_autumnal_temple
Lair:1:   layout_layer_cave, serial_bayou_pond_a, uniq_nergalle
Lair:2:   layout_roguey, basic_altar, serial_bayou_lagoon_b, grunt_megastairs_4
Lair:3:   nzn_winding_woodlands_cross [nzn_winding_woodlands_5x15_sawtooth,
          nzn_winding_woodlands_5x15_cabin, nzn_winding_woodlands_5x15_jagged,
          nzn_winding_woodlands_5x15_zeroes,
          nzn_winding_woodlands_15x15_thick_spiral], layout_regular_city,
          minmay_swamp_entry_worms, minmay_snake_entry_guardpost_small,
          gauntlet_entry_generic, beast_lair_carwin_8, serial_bayou_shore_b
Lair:4:   layout_gridlike, ebering_ghost_reflecting_pool, grunt_megastairs_2
Lair:5:   layout_regular_city, minmay_slime_entry_eyes,
          gammafunk_ghost_necromancy
Lair:6:   hangedman_lair_in_review, layout_gridlike, fungi_pond_lemuel,
          minmay_lair_oklob_bushes, uniq_snorg
Orc:1:    layout_caves, uniq_erica
Orc:2:    st_orc_ogre_mass, layout_caves, basic_altar, minmay_orc_temple_a,
          uniq_azrael, uniq_donald

Skill      XL: |  1  2  3  4  5  6  7  8  9 10 11 12 13 14 15 16 |
---------------+-------------------------------------------------+-----
Maces & Flails | 3 4 5 6 7 10 11 12 13 | 13.7
Fighting       | 4 5 6 7 10 11 12 13 14 | 14.4
Invocations    | 2 4 5 6 8 9 11 12 13 | 13.2
Armour         | 4 5 6 7 9 12 14 | 14.2
Shields        | 8 9 |  9.9
Dodging        | 2 3 5 |  5.1
Throwing       | 5 |  5.1
Evocations     | 5 |  5.0

Action                   |  1- 3 |  4- 6 |  7- 9 | 10-12 | 13-15 | 16-18 || total
-------------------------+-------+-------+-------+-------+-------+-------++-------
Melee: Flail             |    88 |   304 |   407 |   625 |  1438 |   382 ||  3244
Throw: Throwing net      |       |       |     1 |     1 |     3 |       ||     5
Invok: Bend Time         |       |       |     4 |     8 |     5 |     1 ||    18
       Slouch            |       |       |       |     3 |     5 |     1 ||     9
 Abil: Evoke Invisibilit |       |       |       |       |     1 |     1 ||     2
Evoke: Wand              |       |       |       |     3 |     5 |     2 ||    10
  Use: Scroll            |     2 |     3 |     8 |    10 |    16 |     3 ||    42
       Potion            |     1 |     2 |     5 |     7 |     1 |     2 ||    18
 Stab: Invisible         |       |     2 |       |       |       |     2 ||     4
       Held in net/web   |       |       |       |       |     4 |       ||     4
       Paralysed         |       |       |       |       |    11 |       ||    11
       Petrified         |       |       |       |       |     6 |       ||     6
       Distracted        |       |       |       |       |     1 |       ||     1
Armor: Scale mail        |    54 |   197 |       |       |       |       ||   251
       Skin              |       |     6 |       |       |       |       ||     6
       Plate armour      |       |    11 |   333 |   325 |   661 |   108 ||  1438
Dodge: Dodged            |    27 |    99 |    75 |   177 |   388 |   115 ||   881
Block: Kite shield       |    52 |   169 |   266 |   646 |  1326 |   419 ||  2878
       Reflection        |       |       |     5 |    39 |    49 |     4 ||    97
